 Dungeon Crawl Stone Soup version 0.18.1-1-g2f07953 (webtiles) character file.

483 EveningNews the Cleaver (level 6, 0/78 HPs)
             Began as a Minotaur Berserker on May 9, 2016.
             Was a High Priest of Trog.
             Slain by a giant frog (4 damage)
             ... in a sewer.
             The game lasted 00:08:05 (2771 turns).

EveningNews the Cleaver (Minotaur Berserker)        Turns: 2771, Time: 00:08:06

Health: 0/78       AC:  6    Str: 27    XL:     6   Next: 88%
Magic:  5/5        EV: 11    Int:  4    God:    Trog [*****.]
Gold:   114        SH:  0    Dex: 11    Spells: 0 memorised, 5 levels left

rFire  . . .     SeeInvis .     a - +0 hand axe
rCold  . . .     Gourm    .     k - +0 ring mail
rNeg   . . .     Faith    .     (no shield)
rPois  .         Spirit   .     (helmet restricted)
rElec  .         Dismiss  .     (no cloak)
rCorr  .         Reflect  .     n - +0 pair of gloves
SustAt .         Harm     .     (no boots)
MR     .....                    (no amulet)
Stlth  ..........               (no ring)
                                (no ring)

@: berserking, lethally poisoned (0 -> -1), very quick, not resistant to hostile
enchantments, extremely unstealthy
A: retaliatory headbutt, horns 2
a: Berserk, Trog's Hand, Brothers in Arms, Burn Spellbooks, Renounce Religion


You were in a sewer.
You worshipped Trog.
Trog was extremely pleased with you.
You were not hungry.

You visited 1 branch of the dungeon, and saw 3 of its levels.
You also visited: Sewer.

You collected 114 gold pieces.

Inventory:

Hand Weapons
 a - a +0 hand axe (weapon)
 x - a +2 long sword of slicing
Missiles
 l - 43 arrows
 w - 16 bolts
Armour
 b - a +0 animal skin
 k - a +0 ring mail (worn)
 n - a +0 pair of gloves (worn)
Wands
 p - a wand of random effects (28/48)
Scrolls
 f - 3 scrolls of remove curse {unknown}
 h - 5 scrolls of identify {unknown}
 i - 3 scrolls of enchant armour {unknown}
 m - 2 scrolls of immolation {unknown}
 q - a scroll of enchant weapon {unknown}
 s - 2 scrolls of teleportation {unknown}
 u - 2 scrolls of recharging {unknown}
 v - a scroll of fear {unknown}
Potions
 e - 2 potions of curing {unknown}
 j - a potion of agility
 o - a potion of beneficial mutation {unknown}
 z - a potion of magic {unknown}
 A - 2 potions of heal wounds {unknown}
 B - 2 potions of might {unknown}
Comestibles
 c - 3 bread rations
 d - 5 fruits
 g - 2 chunks of flesh
 r - a meat ration
 t - a slice of pizza


   Skills:
 - Level 3.7 Fighting
 + Level 9.4 Axes
 - Level 2.4 Armour
 - Level 2.1 Dodging


You had 5 spell levels left.
You didn't know any spells.

Dungeon Overview and Level Annotations

Branches:
Dungeon (3/15)

Altars:


Innate Abilities, Weirdness & Mutations

You reflexively headbutt those who attack you in melee.
You have a pair of horns on your head.


Message History

* * * LOW HITPOINT WARNING * * *
A red film seems to cover your vision as you go berserk!
You feel yourself moving faster!
You feel mighty!
You feel somewhat more hungry. The giant frog hits you.
* * * LOW HITPOINT WARNING * * *
The adder bites you.
* * * LOW HITPOINT WARNING * * *
The giant frog closely misses you. You furiously retaliate!
You headbutt the giant frog!
You kill the giant frog!
Trog accepts your kill. The giant frog hits you.
* * * LOW HITPOINT WARNING * * *
Unknown command.
Your unstable footing causes you to fumble your attack.
The adder barely misses you. You furiously retaliate!
You headbutt the adder!
You kill the adder!
Trog accepts your kill. The giant frog hits you.
You die...

########################
#..≈≈≈≈≈≈≈≈≈≈≈≈≈≈≈≈....#
...≈≈≈≈≈≈≈≈≈≈≈≈≈≈≈≈≈....
..≈≈≈≈≈≈≈≈≈≈≈≈≈†≈≈≈≈....
...≈≈≈≈≈≈≈≈≈≈≈≈†@†≈.....
..≈≈≈≈≈≈≈≈≈≈≈≈≈≈≈F≈.....
..≈≈≈≈≈≈≈≈≈≈≈≈≈≈≈≈≈≈...#
.#####################+#
#### '..# #..# #### #


You could see a giant frog.

Vanquished Creatures
  A giant frog (Sewer)
  Jessica (D:2)
  Ijyb (D:2)
  Natasha (D:3)
  Robin (D:2)
  5 gnolls
  12 adders
  5 river rats (Sewer)
  An ooze (Sewer)
  4 worms (D:2)
  2 dart slugs
  3 giant geckos
  10 bats
  3 giant cockroaches
  17 goblins
  4 hobgoblins
  3 jackals (D:3)
  15 ball pythons
  6 giant newts
  6 kobolds
  31 rats
132 creatures vanquished.

Notes
Turn   | Place    | Note
--------------------------------------------------------------
     0 | D:1      | EveningNews the Minotaur Berserker began the quest for the Orb.
     0 | D:1      | Reached XP level 1. HP: 19/19 MP: 0/0
    47 | D:1      | Reached skill level 4 in Axes
   304 | D:1      | Reached XP level 2. HP: 22/27 MP: 1/1
   580 | D:1      | Reached skill level 5 in Axes
   580 | D:1      | Reached XP level 3. HP: 11/33 MP: 2/2
   892 | D:2      | Reached XP level 4. HP: 16/40 MP: 3/3
   895 | D:2      | Reached ** piety under Trog
   895 | D:2      | Reached skill level 6 in Axes
  1180 | D:2      | Noticed Ijyb
  1186 | D:2      | Killed Ijyb
  1239 | D:2      | Noticed Robin
  1248 | D:2      | Reached XP level 5. HP: 43/46 MP: 4/4
  1257 | D:2      | Killed Robin
  1257 | D:2      | Reached skill level 7 in Axes
  1298 | D:2      | Noticed Jessica
  1305 | D:2      | Killed Jessica
  1877 | D:2      | Reached *** piety under Trog
  2229 | D:3      | Noticed Natasha
  2233 | D:3      | Killed Natasha
  2233 | D:3      | Reached skill level 8 in Axes
  2249 | D:3      | Reached XP level 6. HP: 47/52 MP: 5/5
  2304 | D:3      | Found a glowing drain.
  2315 | Sewer    | Entered a sewer
  2391 | Sewer    | Reached **** piety under Trog
  2753 | Sewer    | Reached ***** piety under Trog
  2758 | Sewer    | Reached skill level 9 in Axes
  2770 | Sewer    | HP: 3/78 [giant frog (6)]
  2771 | Sewer    | Slain by a giant frog

Skill      XL: |  1  2  3  4  5  6 |
---------------+-------------------+-----
Axes           | 4 5 6 8 9 |  9.4
Fighting       | |  3.7
Armour         | |  2.4
Dodging        | |  2.1

Action                   |  1- 3 |  4- 6 || total
-------------------------+-------+-------++-------
Melee: Hand axe          |    47 |   256 ||   303
       Headbutt          |    11 |    29 ||    40
Invok: Berserk           |     1 |     2 ||     3
 Stab: Sleeping          |     1 |       ||     1
  Eat: Chunk             |       |     7 ||     7
       Beef jerky        |       |     1 ||     1
Armor: Animal skin       |     4 |       ||     4
       Ring mail         |     3 |    94 ||    97
Dodge: Dodged            |    26 |   152 ||   178
